 Dungeon Crawl Stone Soup version 0.27-a0-972-gd1521fd518 (webtiles) character file.

Game seed: 17529132142790166304

68139 mhtbhm the Earth Mage (level 15, -4/84 HPs)
             Began as a Gargoyle Earth Elementalist on Apr 13, 2021.
             Was a High Priest of Vehumet.
             Slain by a wolf spider (14 damage)
             ... on level 2 of the Lair of Beasts.
             The game lasted 01:02:17 (29927 turns).

mhtbhm the Earth Mage (GrEE)                       Turns: 29927, Time: 01:02:18

Health: -4/84      AC: 22    Str: 12    XL:     15   Next: 25%
Magic:  28/33      EV: 13    Int: 31    God:    Vehumet [*****.]
Gold:   1661       SH:  0    Dex: 10    Spells: 13/42 levels left

rFire    + . .     SeeInvis .   a - staff of earth
rCold    . . .     Faith    +   (no shield)
rNeg     + + .     Spirit   .   c - +2 robe {rN+}
rPois    ∞         Reflect  .   b - +2 hat {Int+3}
rElec    +         Harm     .   v - +0 cloak
rCorr    .         Rampage  .   A - +2 pair of gloves
Will     +....                  z - +0 pair of boots
Stlth    ++........             d - amulet of faith
HPRegen  0.24/turn              D - ring of protection from fire
MPRegen  0.23/turn              H - +6 ring of intelligence

@: about to teleport, flying
A: AC +11, big wings, negative energy resistance 1, electricity resistance,
torment resistance 1, unbreathing 1, petrification resistance
a: Renounce Religion


You were on level 2 of the Lair of Beasts.
You worshipped Vehumet.
Vehumet was extremely pleased with you.
You visited 4 branches of the dungeon, and saw 19 of its levels.
You also visited: Sewer.

You collected 1699 gold pieces.
You spent 38 gold pieces at shops.

Inventory:

Missiles
 f - a curare-tipped dart (quivered)
 q - 3 throwing nets
 y - 178 stones
 L - 21 poisoned darts
Armour
 b - a +2 hat of intelligence (worn)
 c - a +2 robe of positive energy (worn)
 v - a +0 cloak (worn)
 z - a +0 pair of boots (worn)
 A - a +2 pair of gloves (worn)
Magical Staves
 a - a staff of earth (weapon)
Jewellery
 d - an amulet of faith (around neck)
 D - a ring of protection from fire (left hand)
 H - a +6 ring of intelligence (right hand)
 K - a ring of protection from cold
 P - an amulet of reflection
Wands
 u - a wand of iceblast (9)
 B - a wand of digging (13)
 G - a wand of acid (5)
 I - a wand of flame (15)
 O - a wand of polymorph (25)
 Q - a wand of mindburst (4)
Scrolls
 j - a scroll of vulnerability
 k - 4 scrolls of enchant weapon
 n - 2 scrolls of immolation
 o - 3 scrolls of fog
 r - a scroll of blinking
 s - 4 scrolls of amnesia
 t - 7 scrolls of teleportation
 E - a scroll of holy word
 F - 2 scrolls of magic mapping
 M - 5 scrolls of enchant armour
Potions
 e - a potion of resistance
 g - 4 potions of brilliance
 h - 4 potions of heal wounds
 i - 2 potions of lignification
 l - 3 potions of berserk rage
 m - 8 potions of curing
 p - a potion of mutation
 w - a potion of might {unknown}
 x - a potion of haste
 C - 2 potions of degeneration {unknown}
 N - a potion of cancellation {unknown}
Miscellaneous
 J - a phantom mirror


   Skills:
 + Level 6.0 Fighting
 + Level 6.4(7.3) Maces & Flails
 + Level 5.3(6.8) Staves
 + Level 0.9 Throwing
 + Level 6.4 Dodging
 - Level 2.3 Stealth
 + Level 14.3 Spellcasting
 + Level 6.3 Conjurations
 + Level 2.3 Transmutations
 + Level 17.9 Earth Magic
 + Level 3.1 Evocations


You had 13 spell levels left.
You knew the following spells:

 Your Spells              Type           Power      Damage    Failure   Level
a - Sandblast             Erth           100%       2d20      0%          1
b - Passwall              Tmut/Erth      75%        N/A       1%          2
c - Stone Arrow           Conj/Erth      100%       3d13      1%          3
d - Lee's Rapid Deconstr  Erth           58%        3d28*     1%          5
e - Petrify               Tmut/Erth      91%        N/A       1%          4
f - Mephitic Cloud        Conj/Pois/Air  35%        N/A       1%          3
g - Bolt of Magma         Conj/Fire/Erth 41%        4d17      1%          5
h - Iron Shot             Conj/Erth      49%        9d9       1%          6

Your spell library contained the following spells:

 Spells                   Type           Power      Damage    Failure   Level
 Yara's Violent Unravell  Hex/Tmut       14%        3d7       10%         5
 Magic Dart               Conj           100%       1d8       1%          1
 Conjure Flame            Conj/Fire      41%        6-21      1%          3
 Ignite Poison            Fire/Tmut/Pois 27%        N/A       1%          3
 Inner Flame              Hex/Fire       22%        N/A       1%          3
 Leda's Liquefaction      Hex/Erth       43%        N/A       1%          4
 Iskenderun's Battlesphe  Conj           57%        2d11      1%          5
 Corona                   Hex            24%        N/A       2%          1
 Summon Small Mammal      Summ           88%        N/A       2%          1
 Blink                    Tloc           N/A        N/A       3%          2
 Call Imp                 Summ           22%        N/A       3%          2
 Slow                     Hex            22%        N/A       3%          2
 Fireball                 Conj/Fire      20%        3d10      4%          5
 Call Canine Familiar     Summ           22%        N/A       6%          3
 Portal Projectile        Hex/Tloc       44%        N/A       6%          3
 Summon Guardian Golem    Hex/Summ       22%        N/A       6%          3
 Cause Fear               Hex            11%        N/A       22%         4
 Summon Ice Beast         Ice/Summ       22%        N/A       22%         4
 Summon Lightning Spire   Summ/Air       22%        N/A       22%         4
 Starburst                Conj/Fire      20%        8x6d7     22%         6
 Orb of Destruction       Conj           28%        9d11      32%         7
 Spellforged Servitor     Conj/Summ      20%        N/A       73%         7
 Ignition                 Fire           11%        3d5       100%        8


Dungeon Overview and Level Annotations

Branches:
Dungeon (11/15)            Temple (1/1) D:7            Lair (6/6) D:11
 Shoals (0/4) Lair:3       Spider (1/4) Lair:2        Slime (0/5) Lair:6
  Sewer (visited)
    Orc: D:9-12

Altars:
Ashenzari
Cheibriados
Dithmenos
Elyvilon
Fedhas
Gozag
Hepliaklqana
Kikubaaqudgha
Makhleb
Nemelex Xobeh
Okawaru
Qazlal
Ru
Sif Muna
Trog
Uskayaw
Vehumet
Wu Jian
Xom
Yredelemnul
Zin
The Shining One
Jiyva

Shops:
D:3 *((*[   D:5 [=(   D:8 [


Innate Abilities, Weirdness & Mutations

Your stone body is resilient. (AC +11)
You are immune to poison.
Your large and strong wings let you fly.
You resist negative energy. (rN+)
You are resistant to electric shocks. (rElec)
You are resistant to unholy torment.
You can survive without breathing.
You are immune to petrification.


Message History

The wolf spider bites you but does no damage.
The wolf spider misses you. The wolf spider bites you.
* * * LOW HITPOINT WARNING * * *
The wolf spider closely misses you. x2; The wolf spider barely misses you.
The wolf spider misses you. The tarantella bites you.
* * * LOW HITPOINT WARNING * * *
The wolf spider hits you.
* * * LOW HITPOINT WARNING * * *
The wolf spider bites you but does no damage.
Blink to where?
Press: ? - help, Dir - move target
As you read the scroll of blinking, it crumbles to dust.
Unknown command.
As you read the scroll of teleportation, it crumbles to dust.
You feel strangely unstable.
Unknown command.
Casting: Iron Shot (dangerous; 1% risk of failure)
Confirm with . or Enter, or press ? or * to list all spells.
Aiming: Sandblast (safe; 0% risk of failure)
Press: ? - help, Shift-Dir - straight line, f - wolf spider
Aim: a wolf spider (16% to evade)
Okay, then.
Casting: Sandblast (safe; 0% risk of failure)
Confirm with . or Enter, or press ? or * to list all spells.
Aiming: Sandblast (safe; 0% risk of failure)
Press: ? - help, Shift-Dir - straight line, f - wolf spider
Aim: a wolf spider (16% to evade)
Okay, then.
Casting: Sandblast (safe; 0% risk of failure)
Confirm with . or Enter, or press ? or * to list all spells.
Aiming: Lee's Rapid Deconstruction (safe; 1% risk of failure)
Press: ? - help, Dir - move target A rock wall.
You feel a surge of power!
The wall shatters!
The blast of rock fragments hits the wolf spider!!!
The wolf spider is almost dead.
The blast of rock fragments hits the wolf spider!!!
The wolf spider is severely wounded.
The wolf spider hits you!
You die...

##...^.^.......## ##.#.
.#.^...........P# #..#
......^^.^^^....# ##..
..^.^..^.^^.^..## ####..
...^....^^^...## #.....
..^.^^.§.^..s.#### ##...P
...^..^^^^^..s##.# ###>..##
..^...^^...^s.s.##### ##....##
.....^^...^^..#s@...#####....##
#....^..^..^..###.....#.....#.#
#........^....# ####........###
.............## ###.....##
#..#.###.##### ##...#.# ####.#
#.# ####### ### ###


You could see 5 wolf spiders.

Vanquished Creatures
  Gastronok (D:9)
  The ghost of Ziry the Frost Mage, a journeyman DgIE (Lair:5)
  A fire dragon (Lair:6)
  9 hydras
  A dancing weapon (Lair:1)
  6 death yaks
  A two-headed ogre (D:10)
  The ghost of Daal the Thaumaturge, a journeyman DEFE of Vehumet (Lair:1)
  A fire crab (Lair:6)
  A swamp dragon (Lair:6)
  A deep troll (D:9)
  2 lindwurms
  3 wolf spiders
  A necromancer (Lair:5)
  2 oklob plants (Lair:4)
  An ugly thing (D:9)
  2 manticores
  Maurice (D:8)
  12 elephants
  14 black mambas
  A guardian serpent (Lair:6)
  21 cane toads
  14 rime drakes
  5 komodo dragons
  2 kobold demonologists
  A demonic crawler (Lair:2)
  A jumping spider (Spider:1)
  6 hornets
  A troll (D:11)
  A polar bear (Lair:4)
  4 blink frogs (Lair:4)
  6 dream sheep (Lair:5)
  5 redbacks
  2 wraiths (D:9)
  15 wyverns
  2 shadows (D:9)
  52 yaks
  Grum (D:8)
  3 steam dragons
  8 basilisks
  Edmund (D:4)
  23 water moccasins
  An acid dragon (Lair:6)
  An orc warrior (D:9)
  A swamp drake (Lair:6)
  3 black bears
  A hornet zombie (D:7)
  5 necrophages
  7 wolves
  A sky beast (D:8)
  3 centaurs
  3 phantoms
  Blork the orc (D:4)
  A kobold brigand (D:9)
  2 gnoll sergeants
  A scorpion (D:7)
  10 bullfrogs
  A wyvern zombie (D:9)
  A wyvern skeleton (D:7)
  A killer bee (D:9)
  9 wights
  A howler monkey (D:9)
  10 centaur zombies
  2 gnoll shamans
  2 bullfrog skeletons
  3 bullfrog zombies
  6 hounds
  5 jellies
  A human zombie (D:6)
  Crazy Yiuf (D:4)
  2 orc priests
  2 centaur skeletons
  8 iguanas
  5 orc wizards
  8 hell rats (Lair:4)
  4 polar bear simulacra (Lair:5)
  2 yak simulacra (Lair:5)
  2 wolf simulacra (Lair:5)
  A mummy (D:6)
  A howler monkey zombie (D:9)
  8 adders
  20 gnolls
  2 river rats (Sewer)
  2 shadow imps (D:8)
  3 white imps
  A howler monkey simulacrum (D:9)
  An ufetubus (D:5)
  2 dart slugs
  13 orcs
  9 ball pythons
  7 endoplasms
  3 giant cockroaches
  4 goblins
  6 hobgoblins
  A jackal (D:4)
  8 kobolds
  3 quokkas
  6 bats
  9 frilled lizards
  17 rats
  3 river rat simulacra (Lair:5)
  2 bushes
486 creatures vanquished.

Vanquished Creatures (collateral kills)
  An oklob plant (Lair:3)
  2 yaks (D:8)
  An orc (D:8)
4 creatures vanquished.

Vanquished Creatures (others)
  A wyvern (Lair:4)
  An iguana (Lair:6)
  4 bushes (Lair:6)
  64 fungi
  177 plants
247 creatures vanquished.

Grand Total: 737 creatures vanquished

Notes
Turn   | Place    | Note
-------+----------+-------------------------------------------
     0 | D:1      | mhtbhm the Gargoyle Earth Elementalist began the quest for
                  | the Orb.
     0 | D:1      | Reached XP level 1. HP: 10/10 MP: 3/3
   114 | D:1      | Reached XP level 2. HP: 15/15 MP: 1/5
   170 | D:1      | Reached skill level 4 in Earth Magic
   175 | D:1      | Learned a level 2 spell: Passwall
   962 | D:1      | Found a faded altar of an unknown god.
  1379 | D:2      | Reached XP level 3. HP: 19/19 MP: 3/6
  1511 | D:2      | Reached XP level 4. HP: 21/24 MP: 4/8
  1527 | D:2      | Learned a level 3 spell: Stone Arrow
  1825 | D:2      | Reached skill level 5 in Earth Magic
  2246 | D:3      | Found Foanom's General Store.
  2327 | D:3      | Bought 15 stones for 16 gold pieces
  2327 | D:3      | Bought a scroll of identify for 22 gold pieces
  2348 | D:3      | Found Siecud's Weapon Emporium.
  2414 | D:3      | Found Jyem Inou's Weapon Shop.
  2749 | D:3      | Found Xankeoce's Assorted Antiques.
  2806 | D:3      | Found Konn's Armour Emporium.
  3020 | D:4      | Reached skill level 1 in Maces & Flails
  3020 | D:4      | Reached XP level 5. HP: 28/28 MP: 6/9
  3399 | D:4      | Noticed Edmund
  3409 | D:4      | Killed Edmund
  3410 | D:4      | Reached skill level 1 in Fighting
  3410 | D:4      | Reached XP level 6. HP: 10/34 MP: 6/11
  3801 | D:4      | Noticed Blork the orc
  3812 | D:4      | Killed Blork the orc
  4207 | D:4      | Reached skill level 1 in Evocations
  4207 | D:4      | Reached XP level 7. HP: 37/39 MP: 13/13
  4250 | D:4      | Found a runed translucent door.
  4251 | D:4      | Noticed Crazy Yiuf
  4373 | D:4      | Reached skill level 6 in Earth Magic
  4608 | D:4      | Killed Crazy Yiuf
  4701 | D:5      | Entered Level 5 of the Dungeon
  4706 | D:5      | Found a glowing drain.
  4723 | Sewer    | Entered a sewer
  5800 | D:5      | Found Cobriat's Jewellery Emporium.
  5802 | D:5      | Found Wuacuovyiz's Armour Shoppe.
  5809 | D:5      | Reached XP level 8. HP: 45/45 MP: 11/14
  6125 | D:5      | Found Joankuwn's Weapon Boutique.
  6141 | D:5      | Learned a level 5 spell: Lee's Rapid Deconstruction
  6146 | D:5      | Learned a level 4 spell: Petrify
  6471 | D:6      | Reached skill level 7 in Earth Magic
  6565 | D:6      | Reached skill level 5 in Spellcasting
  6686 | D:6      | Reached skill level 5 in Maces & Flails
  6822 | D:6      | Found a hide-covered altar of Uskayaw.
  6822 | D:6      | Found a broken altar of Ashenzari.
  7174 | D:6      | Reached XP level 9. HP: 51/51 MP: 15/17
  7178 | D:6      | Learned a level 3 spell: Mephitic Cloud
  7189 | D:6      | Found an ancient bone altar of Kikubaaqudgha.
  7902 | D:6      | Reached skill level 8 in Earth Magic
  8253 | D:7      | Noticed a hornet
  8272 | D:7      | Killed a hornet
  8273 | D:7      | Reached skill level 1 in Conjurations
  8551 | D:7      | Found a glowing golden altar of the Shining One.
  9141 | D:7      | Reached skill level 1 in Staves
  9456 | D:7      | Found a staircase to the Ecumenical Temple.
  9466 | Temple   | Entered the Ecumenical Temple
  9483 | Temple   | Became a worshipper of Vehumet
  9832 | D:8      | Noticed a manticore
  9836 | D:8      | Killed a manticore
  9837 | D:8      | Reached skill level 9 in Earth Magic
  9837 | D:8      | Reached XP level 10. HP: 43/58 MP: 12/19
 10060 | D:8      | Noticed Maurice
 10065 | D:8      | Killed Maurice
 10283 | D:8      | Noticed Grum
 10287 | D:8      | Killed Grum
 10946 | D:8      | Reached skill level 10 in Earth Magic
 11590 | D:8      | Found Hetan's Antique Armour Shop.
 11795 | D:8      | Learned a level 5 spell: Bolt of Magma
 11858 | D:9      | Reached * piety under Vehumet
 11858 | D:9      | Offered knowledge of Foxfire by Vehumet.
 12078 | D:9      | Noticed Gastronok
 12093 | D:9      | Killed Gastronok
 12094 | D:9      | Reached skill level 5 in Dodging
 12094 | D:9      | Reached skill level 11 in Earth Magic
 12094 | D:9      | Reached XP level 11. HP: 21/62 MP: 9/22
 13270 | D:9      | Reached skill level 5 in Fighting
 13280 | D:9      | Noticed a deep troll
 13301 | D:9      | Noticed a white ugly thing
 13452 | D:9      | Reached ** piety under Vehumet
 13595 | D:9      | Offered knowledge of Shock by Vehumet.
 14387 | D:9      | Killed a purple ugly thing
 14388 | D:9      | Reached skill level 12 in Earth Magic
 14614 | D:9      | Killed a deep troll
 14615 | D:9      | Reached skill level 1 in Transmutations
 14737 | D:10     | Entered Level 10 of the Dungeon
 14742 | D:10     | Found a shimmering blue altar of Sif Muna.
 14859 | D:10     | Reached skill level 5 in Conjurations
 15689 | D:10     | Noticed a two-headed ogre
 15697 | D:10     | Killed a two-headed ogre
 15698 | D:10     | Reached XP level 12. HP: 67/68 MP: 6/25
 15981 | D:10     | Found a burning altar of Makhleb.
 16819 | D:11     | Found a staircase to the Lair.
 16847 | Lair:1   | Entered Level 1 of the Lair of Beasts
 16855 | Lair:1   | Learned a level 6 spell: Iron Shot
 17089 | Lair:1   | Offered knowledge of Static Discharge by Vehumet.
 17186 | Lair:1   | Reached skill level 13 in Earth Magic
 17734 | Lair:1   | Identified the +5 ring mail of Hymummy {Harm Rampage
                  | *Corrode rF+ Int+7}
 17807 | Lair:1   | Found a runed translucent door.
 17979 | Lair:1   | Found a shimmering altar of Xom.
 17979 | Lair:1   | Noticed Daal's ghost (journeyman DEFE)
 17991 | Lair:1   | Killed Daal's ghost
 17992 | Lair:1   | Reached skill level 10 in Spellcasting
 18174 | Lair:2   | Reached *** piety under Vehumet
 18646 | Lair:2   | You fall into a shaft and drop 1 floor!
 18736 | Lair:3   | Noticed a six-headed hydra
 18860 | Lair:3   | Reached skill level 14 in Earth Magic
 19099 | Lair:3   | Reached XP level 13. HP: 73/73 MP: 14/28
 19392 | Lair:3   | Offered knowledge of Olgreb's Toxic Radiance by Vehumet.
 20851 | Lair:3   | Found a staircase to the Shoals.
 22049 | Lair:4   | Reached skill level 15 in Earth Magic
 22092 | Lair:4   | Reached **** piety under Vehumet
 22096 | Lair:4   | Offered knowledge of Sticky Flame by Vehumet.
 22328 | Lair:4   | Identified a scroll of acquirement
 22329 | Lair:4   | Acquired a staff of earth
 23174 | Lair:4   | Identified the +1 robe of the Gastropod {rPois rF+ Int+2}
 24050 | Lair:5   | Found a transporter.
 24053 | Lair:5   | Noticed Ziry's ghost (journeyman DgIE)
 24064 | Lair:5   | Found a transporter.
 24086 | Lair:5   | Killed Ziry's ghost
 24086 | Lair:5   | Reached ***** piety under Vehumet
 24087 | Lair:5   | Reached skill level 5 in Staves
 24087 | Lair:5   | Gained mutation: Your large and strong wings let you fly.
                  | [Gargoyle growth]
 24087 | Lair:5   | Reached XP level 14. HP: 68/79 MP: 3/30
 24130 | Lair:5   | Offered knowledge of Iskenderun's Mystic Blast by Vehumet.
 24148 | Lair:6   | Entered Level 6 of the Lair of Beasts
 24186 | Lair:6   | Reached skill level 16 in Earth Magic
 25887 | Lair:5   | Offered knowledge of Hailstorm by Vehumet.
 26198 | Lair:5   | Reached skill level 17 in Earth Magic
 27279 | Lair:6   | Found a viscous altar of Jiyva.
 27352 | Lair:6   | Found a staircase to the Slime Pits.
 27509 | Lair:6   | Reached XP level 15. HP: 54/84 MP: 19/32
 28291 | Lair:6   | Identified the +3 hand axe of Equilibrium {distort, *Noise
                  | +Blink rPois rN++}
 28853 | Lair:2   | Offered knowledge of Yara's Violent Unravelling by Vehumet.
 29266 | Lair:2   | Found a hole to the Spider Nest.
 29808 | Spider:1 | Entered Level 1 of the Spider Nest
 29927 | Lair:2   | Slain by a wolf spider

Illustrated notes

Levels and vault maps discovered:
D:1:      minmay_arrival_plants_in_alcoves, layout_basic,
          shapermc_ecumenical_altar_gd, chequers_garden
D:2:      layout_basic, minmay_mini_jars
D:3:      layout_basic, serial_shops, nicolae_shop_crystal,
          nicolae_shop_statue_plus, shop, shop, shop,
          chequers_serial_rivers_room_b, corexii_corridor_pit, bh_walls_and_bars
D:4:      layout_loops_ring, wad_rectangle_vault, uniq_blork_the_orc,
          uniq_crazy_yiuf_cottage, uniq_edmund
D:5:      layout_rooms, cheibrodos_sewer_entry_drain, serial_shops,
          nicolae_shop_waterfront, nicolae_shop_temple_entry_statues_fountains,
          shop, st_stairs_7
D:6:      layout_basic, chequers_temple_overflow_statue_of_worship,
          lemuel_mausoleum_altar_kikubaaqudgha, nicolae_lava_and_water
D:7:      layout_rooms, tso_metal_star, minmay_temple_entry_poolview
D:8:      layout_loops_ring, serial_shops, nicolae_shop_window_shopping,
          chequers_serial_rivers_small_b, uniq_maurice, uniq_grum
D:9:      wad_statue_garden, layout_loops_ring, nrook_pool_corridor,
          uniq_gastronok
D:10:     layout_roguey, lightli_temple_of_fire, lemuel_round_altar,
          kb_lookout_dungeons_type, serial_park_tiny_2, minmay_misc_feat_encased
D:11:     layout_stronghold, lair_entry_dummy, abandoned_shop, uniq_nergalle
Temple:   lightli_temple_of_artemis
Lair:1:   layout_long_grid, ebering_ghost_xom, grunt_megastairs_1
Lair:2:   layout_cave_pods, spider_nest_entry_web_field, serial_bayou_crossing
Lair:3:   layout_regular_city, elwin_shoals_entry_rooms, hibernation_bobbens,
          serial_bayou_shore_b, grunt_megastairs_5, minmay_lair_oklob_chamber
Lair:4:   layout_roguey [special_room_mythical_zoo], serial_bayou_pond_d,
          minmay_lair_oklob_bushes, minivault_25, grunt_megastairs_2,
          serial_bayou_shore_b
Lair:5:   layout_long_grid, gammafunk_ghost_arena, eino_house_with_fridge
Lair:6:   guppyfry_lair_end_dragon, layout_loops_ring,
          hangedman_lair_tendril_chambers, slime_altar_1, st_stairs_13,
          chequers_serial_rivers_room_a, eino_small_chamber_without_monster,
          small_statue_intersection, hangedman_lair_unloving_vines,
          grunt_forest_small_clearing_treed
Spider:1: layout_spider_delve, nicolae_spider_eight_legs

Skill      XL: |  1  2  3  4  5  6  7  8  9 10 11 12 13 14 15 |
---------------+----------------------------------------------+-----
Earth Magic    | 4 5 6 7 9 11 12 14 15 17 | 17.9
Spellcasting   | 3 4 5 6 7 9 11 12 13 14 | 14.3
Maces & Flails | 1 2 3 5 6 |  6.4
Dodging        | 2 3 4 5 6 |  6.4
Fighting       | 1 2 3 4 5 6 |  6.0
Evocations     | 1 2 3 |  3.1
Conjurations   | 1 3 5 6 |  6.3
Staves         | 2 3 4 5 |  5.3
Transmutations | 1 2 |  2.3
Throwing       | |  0.9
Stealth        | |  2.3

Action                   |  1- 3 |  4- 6 |  7- 9 | 10-12 | 13-15 || total
-------------------------+-------+-------+-------+-------+-------++-------
Melee: Unarmed           |    18 |       |       |       |       ||    18
       Whip              |    22 |    33 |       |       |       ||    55
       Flail             |       |    39 |       |       |       ||    39
       Dire flail        |       |    47 |   215 |       |       ||   262
       Staff             |       |       |   132 |   149 |   228 ||   509
       Quarterstaff      |       |       |       |       |    43 ||    43
Throw: Throwing net      |       |       |       |     3 |       ||     3
       Dart              |       |       |       |       |     1 ||     1
 Cast: Sandblast         |    25 |    31 |    86 |    61 |   116 ||   319
       Stone Arrow       |       |       |    17 |   118 |    98 ||   233
       Lee's Rapid Decon |       |       |     1 |    62 |   137 ||   200
       Petrify           |       |       |       |     3 |    36 ||    39
       Bolt of Magma     |       |       |       |       |     2 ||     2
       Iron Shot         |       |       |       |       |     2 ||     2
Evoke: Wand              |       |    11 |       |    32 |    16 ||    59
  Use: Scroll            |       |     6 |     2 |    11 |    12 ||    31
       Potion            |       |     2 |     4 |     4 |     4 ||    14
 Stab: Sleeping          |       |       |     9 |       |       ||     9
       Invisible         |       |       |       |       |     3 ||     3
       Petrified         |       |       |       |       |     4 ||     4
Armor: Robe              |    22 |    66 |   196 |   151 |   214 ||   649
       Skin              |       |    10 |    29 |       |       ||    39
Dodge: Dodged            |    23 |    90 |   255 |   165 |   256 ||   789

Table legend: (Time is in decaauts)
 A = Elapsed time spent in this place.
 B = Non-inter-level travel time spent in this place.
 C = Inter-level travel time spent in this place.
 D = Time resting spent in this place.
 E = Time spent auto-exploring this place.
 F = Levels seen in this place.
 G = Mean time per level.
                   A        B        C        D        E       F      G
               +--------+--------+--------+--------+--------+-----+--------+
         Total |  30004 |  29888 |    116 |  10949 |  13267 |  20 | 1500.2 |
       Dungeon |  16028 |  15912 |    116 |   5238 |   7676 |  11 | 1457.1 |
        Temple |     34 |     34 |      0 |      0 |      0 |   1 |   34.0 |
          Lair |  13046 |  13046 |      0 |   5460 |   5155 |   6 | 2174.3 |
   Spider Nest |     10 |     10 |      0 |      0 |      0 |   1 |   10.0 |
         Sewer |    884 |    884 |      0 |    251 |    435 |   1 |  884.0 |
               +--------+--------+--------+--------+--------+-----+--------+

Top non-repeatable levels by time:
  Lair:4: 3056 daAuts
     D:9: 3000 daAuts
  Lair:6: 2841 daAuts
  Lair:5: 2121 daAuts
     D:8: 2100 daAuts
  Lair:3: 1998 daAuts
     D:6: 1943 daAuts
  Lair:2: 1736 daAuts
     D:4: 1706 daAuts
     D:7: 1678 daAuts
    D:10: 1507 daAuts
  Lair:1: 1293 daAuts
     D:1: 1236 daAuts
     D:5: 927 daAuts
     D:3: 919 daAuts
